Map: Arctic Dream LE

Players

qqq - Winner!

  • Race: Zerg Zerg
  • Spawn Location: 6:00

Massa - Winner!

  • Race: Terran Terran
  • League: Platinum
  • Spawn Location: 5:00

Kruspe

  • Race: Zerg Zerg
  • League: Diamond
  • Spawn Location: 12:00

Jax

  • Race: Zerg Zerg
  • League: Diamond
  • Spawn Location: 11:00

VOD

Have the link to the VOD?

Description

Time

  • Played on: March 21, 2021, 4:23 p.m.
  • Length: 12:07
Show
View Real Time Build Order
Export as new Build Order

qqq Zerg - Winner!

Build Orders: Hatch First, Lurkers 

Get SALT Encoding   

  12  0:00  Drone  
  13  0:09  Drone  
  14  0:18  Overlord  
  14  0:45  Hatchery  
  14  0:48  Drone  
  14  0:59  Drone x2  
  16  1:12  Extractor  
  16  1:18  Spawning Pool  
  14  1:23  Drone  
  14  1:25  Drone  
  16  1:28  Drone  
  17  1:37  Drone  
  18  1:48  Drone  
  18  1:49  Extractor  
  18  1:55  Drone  
  19  2:07  Queen  
  19  2:08  Queen  
  21  2:12  Drone  
  24  2:20  Drone  
  25  2:26  Overlord  
  25  2:33  Metabolic Boost  
  25  2:45  Evolution Chamber  
  24  2:55  Drone x2, Evolution Chamber  
  24  2:57  Drone  
  26  3:02  Drone  
  27  3:07  Drone  
  27  3:10  Drone  
  29  3:13  Drone  
  29  3:17  Drone  
  31  3:24  Zerg Melee Weapons Level 1  
  31  3:32  Zerg Ground Armor Level 1  
  30  3:39  Zergling x4  
  33  3:41  Zergling x2  
  33  3:45  Overlord  
  33  3:48  Zergling x2  
  33  3:50  Zergling x2  
  33  3:53  Zergling x2  
  36  3:58  Overlord  
  36  4:05  Zergling x4  
  36  4:06  Zergling x2  
  36  4:09  Zergling x2  
  40  4:15  Overlord  
  40  4:16  Zergling x2  
  41  4:25  Zergling x2  
  41  4:26  Zergling x2  
  43  4:31  Zergling x6  
  46  4:39  Zergling x4  
  46  4:40  Drone, Zergling x2  
  50  4:46  Zergling x4  
  52  4:57  Drone x2  
  54  5:11  Drone, Zergling x4  
  54  5:12  Zergling x6  
  59  5:24  Overlord  
  59  5:31  Drone  
  59  5:32  Hatchery, Overlord  
  59  5:38  Zergling x4  
  59  5:41  Zergling x2  
  59  5:42  Zergling x6  
  59  5:51  Lair  
  55  6:10  Zergling x2  
  55  6:11  Zergling x8  
  58  6:15  Zergling x2  
  53  6:39  Zergling x8  
  54  6:43  Zergling x2  
  46  6:48  Spore Crawler  
  46  6:49  Spore Crawler  
  46  6:51  Zerg Missile Weapons Level 1  
  46  6:53  Zerg Ground Armor Level 2  
  43  6:58  Drone x2, Zergling x2, Hydralisk Den  
  43  7:01  Spore Crawler  
  44  7:02  Queen, Spore Crawler  
  44  7:12  Zergling x2  
  44  7:13  Drone  
  45  7:29  Drone x3  
  48  7:36  Drone, Hydralisk x3, Spore Crawler  
  54  7:55  Queen x2  
  58  8:03  Queen  
  60  8:05  Drone x2  
  60  8:06  Drone, Hydralisk  
  60  8:11  Hydralisk  
  67  8:13  Hydralisk  
  69  8:21  Hydralisk  
  69  8:22  Drone x2  
  69  8:25  Hydralisk  
  75  8:30  Overlord  
  75  8:34  Overlord  
  75  8:37  Overlord  
  75  8:50  Zerg Missile Weapons Level 2  
  75  8:51  Lurker Den  
  75  8:52  Overlord  
  74  9:00  Spore Crawler x2  
  74  9:02  Spore Crawler  
  71  9:05  Drone x3  
  71  9:08  Drone  
  71  9:09  Drone  
  76  9:10  Drone  
  76  9:16  Drone  
  79  9:17  Drone x2  
  79  9:20  Drone  
  79  9:22  Hydralisk  
  83  9:29  Muscular Augments  
  83  9:32  Hydralisk  
  83  9:33  Drone x2  
  83  9:34  Drone  
  88  9:39  Hydralisk  
  88  9:42  Hydralisk  
  88  9:43  Hydralisk  
  94  9:51  Lurker x3  
  97  9:56  Overlord  
  97  9:57  Overlord  
  97  10:10  Overlord  
  97  10:11  Overlord x4  
  97  10:20  Spore Crawler  
  96  10:21  Extractor, Drone  
  96  10:22  Drone x3  
  96  10:23  Extractor  
  98  10:28  Spore Crawler  
  98  10:34  Lurker x2  
  99  10:40  Grooved Spines  
  99  10:51  Hydralisk x4  
  73  11:11  Hydralisk  
  73  11:12  Hydralisk  
  73  11:16  Hydralisk  
  72  11:18  Zergling x2  
  72  11:19  Zergling x10  
  77  11:28  Hydralisk  
  77  11:30  Drone  
  80  11:40  Hydralisk  
  80  11:41  Zergling x4  
  80  11:42  Zergling x2  
Show
View Real Time Build Order
Export as new Build Order

Massa Terran - Winner!

Build Orders: 2 Factory, Hellion Opening 

Get SALT Encoding   

  12  0:00  SCV  
  13  0:12  SCV  
  14  0:17  Supply Depot  
  14  0:24  SCV  
  15  0:38  SCV  
  15  0:39  Barracks  
  16  0:50  SCV  
  16  0:56  Refinery  
  17  1:01  Refinery  
  17  1:03  SCV  
  18  1:10  Supply Depot  
  18  1:15  SCV  
  19  1:27  SCV  
  20  1:39  SCV  
  21  1:49  Command Center  
  21  2:01  Orbital Command  
  21  2:15  Factory  
  21  2:28  Factory  
  21  2:31  Barracks Tech Lab  
  21  2:32  SCV  
  22  2:45  SCV  
  23  2:56  Barracks Reactor  
  23  2:57  SCV  
  24  3:04  Orbital Command  
  24  3:07  Hellion  
  24  3:08  Infernal Pre-Igniter  
  24  3:09  SCV  
  24  3:11  Hellion  
  29  3:17  Engineering Bay  
  29  3:21  SCV  
  30  3:29  SCV  
  30  3:33  SCV  
  32  3:38  Hellion  
  36  3:41  Hellion x2  
  36  3:42  SCV  
  36  3:45  SCV  
  40  3:53  Supply Depot  
  40  3:54  SCV  
  40  3:55  Supply Depot  
  41  3:57  SCV  
  41  3:59  Hellion  
  46  4:03  Hellion  
  46  4:10  Terran Infantry Weapons Level 1  
  46  4:12  Barracks Tech Lab  
  46  4:15  SCV x2, Hellion  
  50  4:20  Starport  
  50  4:22  Hellion  
  54  4:24  Hellion  
  54  4:36  Hellion  
  56  4:43  Hellion  
  60  4:45  SCV, Hellion  
  60  4:46  SCV  
  60  4:51  Refinery, Armory  
  60  4:52  Refinery  
  62  5:41  SCV x2  
  62  5:42  Hellion  
  62  5:45  Hellion  
  62  5:48  Hellion  
  62  5:53  SCV x2, Supply Depot  
  62  5:54  Supply Depot x3  
  62  5:55  Supply Depot  
  46  5:58  Supply Depot  
  46  6:00  Stimpack  
  46  6:02  Starport Reactor  
  46  6:03  Hellion  
  48  6:04  Terran Infantry Armor Level 1  
  48  6:05  SCV x2  
  48  6:07  Hellion  
  48  6:08  Barracks  
  48  6:09  Hellion  
  48  6:10  Barracks x2  
  54  6:12  Barracks  
  54  6:19  Command Center  
  54  6:25  Hellion  
  56  6:26  Missile Turret  
  56  6:28  Hellion  
  56  6:29  Missile Turret  
  56  6:32  Missile Turret  
  58  7:21  SCV x2  
  54  7:26  Widow Mine  
  54  7:27  Widow Mine x2  
  54  7:28  Drilling Claws  
  60  7:31  Barracks Reactor x2, Barracks Tech Lab  
  60  7:33  SCV x2  
  60  7:34  Medivac x2  
  66  7:39  Marine  
  66  7:40  Orbital Command, Combat Shield  
  67  7:44  Missile Turret  
  67  7:45  SCV  
  67  7:47  Widow Mine  
  67  7:48  Widow Mine x2  
  74  7:56  Marine  
  72  8:09  Widow Mine x3  
  69  8:20  Marine x6  
  75  8:30  Widow Mine  
  75  8:31  Widow Mine x2  
  81  8:35  SCV x3  
  81  8:37  Marine  
  81  8:39  Marauder x2  
  89  8:45  Barracks Reactor  
  89  8:46  Smart Servos  
  89  8:47  SCV x3, Medivac x2  
  89  8:48  Terran Infantry Weapons Level 2  
  96  8:52  Widow Mine x3, Engineering Bay  
  102  9:00  Marauder, Missile Turret x2  
  102  9:01  Terran Vehicle And Ship Armor Level 1  
  102  9:02  Missile Turret x2  
  104  9:03  Missile Turret  
  104  9:09  Marauder, Marine x2  
  107  9:10  Marine x2  
  107  9:12  SCV x3  
  107  9:13  Widow Mine  
  107  9:14  Widow Mine x2  
  119  9:21  Terran Infantry Armor Level 2, Marauder  
  121  9:25  Command Center  
  121  9:27  Marine x3  
  121  9:28  Marine  
  125  9:56  Supply Depot  
  125  9:57  Supply Depot x2  
  125  9:58  Supply Depot  
  125  10:17  Marine x8  
  125  10:20  Supply Depot  
  133  10:22  Supply Depot  
  122  10:35  Marine x4  
  106  10:41  Orbital Command  
  106  10:44  Missile Turret  
  106  10:45  SCV x3  
  106  10:48  Marauder, Marine  
  106  10:49  Marine x2  
  114  10:50  Widow Mine x3  
  114  10:53  Marauder, Marine x3  
  114  10:55  Refinery  
  114  10:56  Refinery  
  125  10:57  SCV x3  
  125  11:02  Missile Turret x2  
  128  11:05  Missile Turret  
  128  11:06  Marine  
  128  11:10  Marauder  
  128  11:11  Marine x5  
  131  11:12  Widow Mine x3  
  131  11:15  Marauder  
  131  11:17  Medivac x2  
  148  11:24  Marine  
  149  11:28  SCV x4  
  149  11:29  Marine x5  
  149  11:31  Marauder  
  160  11:33  Widow Mine  
  160  11:35  Marine  
Show
View Real Time Build Order
Export as new Build Order

Kruspe Zerg 

Build Orders: Hatch First 

Get SALT Encoding   

  12  0:02  Drone  
  13  0:12  Overlord  
  13  0:16  Drone  
  14  0:30  Drone x2  
  16  0:49  Hatchery  
  15  0:52  Drone  
  15  0:56  Drone  
  17  1:05  Drone  
  18  1:11  Extractor  
  18  1:18  Spawning Pool  
  16  1:22  Drone  
  16  1:23  Drone  
  18  1:28  Drone  
  19  1:38  Drone  
  20  1:50  Drone  
  21  2:00  Overlord  
  21  2:04  Queen x2  
  21  2:05  Zergling x2  
  26  2:11  Drone  
  27  2:19  Metabolic Boost  
  27  2:24  Drone x3  
  30  2:33  Drone x2  
  32  2:45  Drone x2  
  32  2:49  Queen  
  36  3:00  Overlord  
  36  3:06  Extractor, Overlord  
  36  3:07  Extractor, Drone  
  36  3:10  Drone  
  38  3:14  Hatchery  
  38  3:18  Queen  
  38  3:19  Drone x2  
  41  3:35  Drone  
  41  3:37  Drone x2  
  41  3:39  Extractor  
  41  3:40  Extractor  
  42  3:46  Drone  
  42  3:47  Drone x5  
  48  3:52  Zergling x4, Baneling Nest  
  49  4:10  Drone x2, Overlord  
  49  4:13  Drone  
  52  4:28  Roach Warren  
  52  4:30  Queen  
  54  4:31  Drone x6  
  54  4:36  Drone x3  
  54  4:37  Evolution Chamber  
  62  4:39  Evolution Chamber  
  58  4:46  Drone  
  58  4:49  Extractor  
  58  4:58  Lair  
  58  5:01  Zergling x6  
  58  5:08  Roach x5  
  58  5:10  Overlord  
  61  5:26  Overlord x3  
  61  5:27  Overlord  
  61  5:42  Roach x3  
  57  5:43  Roach x3  
  57  5:48  Queen  
  55  5:51  Zerg Missile Weapons Level 1, Zerg Ground Armor Level 1  
  55  5:52  Roach  
  55  5:55  Glial Reconstitution  
  59  5:57  Roach  
  59  6:10  Roach  
  59  6:11  Roach  
  63  6:14  Roach  
  63  6:15  Roach  
  57  6:21  Queen  
  57  6:24  Roach  
  55  6:30  Roach  
  51  6:36  Roach x2  
  51  6:48  Roach x2  
  55  7:03  Hatchery  
  55  7:06  Drone x2  
  56  7:17  Roach x3  
  62  7:33  Drone x6  
  68  7:42  Queen x2  
  72  7:46  Zerg Ground Armor Level 2, Zerg Missile Weapons Level 2  
  72  7:59  Drone x5  
  77  8:13  Ravager x2  
  77  8:14  Ravager x5  
  77  8:15  Queen  
  77  8:16  Drone x8  
  94  8:29  Overseer x2  
  94  8:30  Roach  
  94  8:31  Roach  
  94  8:32  Overlord  
  94  8:33  Drone  
  99  8:47  Extractor, Drone x3  
  99  8:48  Drone, Extractor, Overlord  
  102  8:49  Roach x2  
  102  8:50  Overlord  
  105  9:07  Drone x3  
  105  9:08  Drone x3  
  111  9:14  Roach  
  111  9:15  Roach x3  
  119  9:20  Roach x2  
  119  9:21  Overlord  
  123  9:27  Hatchery  
  123  9:31  Roach x4  
  128  9:32  Overlord  
  128  9:33  Overlord  
  128  9:35  Overseer  
  128  9:38  Overlord x2  
  130  9:40  Roach x3  
  130  9:41  Roach  
  138  9:51  Ravager x5  
  143  9:55  Roach x2  
  143  9:57  Overlord  
  143  9:58  Overlord  
  147  10:03  Roach x3  
  139  10:33  Roach x3  
  143  10:48  Roach  
  143  10:49  Roach x9  
  141  11:18  Roach x7  
  155  11:19  Hatchery  
  155  11:25  Roach x2  
  155  11:44  Roach x4  
  155  11:45  Roach x2  
  167  11:51  Hatchery  
Show
View Real Time Build Order
Export as new Build Order

Jax Zerg 

Build Orders: Hatch First, Muta Ling Bane 

Get SALT Encoding   

  12  0:01  Drone  
  13  0:12  Overlord  
  13  0:17  Drone  
  14  0:30  Drone x2  
  16  0:50  Hatchery  
  16  0:57  Drone  
  16  1:07  Spawning Pool  
  16  1:10  Extractor  
  14  1:20  Drone  
  14  1:21  Drone x2  
  17  1:37  Drone  
  18  1:54  Queen  
  18  2:01  Zergling x2  
  21  2:11  Drone x2  
  21  2:12  Drone  
  21  2:14  Queen  
  26  2:16  Overlord  
  26  2:29  Drone x2  
  28  2:39  Drone  
  28  2:41  Hatchery  
  28  2:48  Extractor  
  27  2:54  Drone x3  
  30  3:19  Lair  
  30  3:21  Drone  
  30  3:22  Drone  
  30  3:23  Drone x3  
  30  3:25  Metabolic Boost  
  35  3:27  Drone  
  36  3:41  Overlord x2  
  36  3:52  Overlord  
  36  3:53  Drone x6  
  42  4:09  Drone x2  
  44  4:14  Zergling x10  
  49  4:29  Spire  
  48  4:35  Drone x2  
  50  4:42  Baneling Nest  
  50  4:45  Zergling x8  
  52  4:46  Zergling x8  
  52  4:51  Spine Crawler x2  
  55  4:55  Spine Crawler  
  52  5:08  Zergling x4  
  52  5:09  Zergling x4  
  52  5:12  Zergling x6  
  52  5:13  Zergling x10  
  60  5:21  Zergling x6  
  63  5:29  Baneling  
  63  5:30  Baneling x15  
  49  5:43  Mutalisk  
  46  5:55  Zergling x8  
  39  6:05  Zergling x2  
  40  6:16  Mutalisk  
  42  6:18  Drone x2  
  42  6:20  Queen  
  42  6:22  Drone  
  42  6:24  Extractor  
  46  6:26  Extractor  
  45  6:37  Hatchery  
  45  6:38  Burrow  
  44  6:40  Drone x4  
  43  6:50  Mutalisk x2  
  41  6:59  Mutalisk  
  15  7:24  Drone x5  
  20  7:37  Drone x2  
  22  7:53  Drone  
  22  7:54  Drone x2  
  25  8:11  Drone x3  
  28  8:19  Drone x2  
  28  8:22  Drone x3  
  31  8:36  Drone x3  
  34  8:47  Drone x3  
  37  9:05  Drone  
  37  9:06  Drone x5  
  43  9:15  Queen  
  45  9:25  Drone x2  
  45  9:30  Centrifical Hooks  
  47  9:34  Zergling x6  
  47  9:35  Zergling x2  
  51  9:49  Zergling x12  
  51  9:50  Zergling x2  
  45  10:37  Zergling x2  
  45  10:38  Zergling x22  
  53  11:13  Zergling x10  
  57  11:19  Zergling x2  
  57  11:20  Overlord x2  
  58  11:25  Overlord  
  58  11:31  Baneling x10  
  58  11:32  Baneling x4  
Tags
 
Add a new tag
Caveats
  • Supply blocks, unpowered buildings, or Contaminate may cause inaccurate times.
  • Supply counts are checked every 10 seconds.